 Dungeon Crawl Stone Soup version 0.25-a0-690-g234afa5 (webtiles) character file.

Game seed: 5538720245201712227, levelgen mode: deterministic

3020 Faca the Fighter (level 10, -4/76 HPs)
             Began as a Human Fighter on Mar 30, 2020.
             Was a Priest of Okawaru.
             Slain by a killer bee (5 damage)
             ... on level 8 of the Dungeon.
             The game lasted 00:14:14 (9676 turns).

Faca the Fighter (Human Fighter)                    Turns: 9676, Time: 00:14:15

Health: -4/76      AC:  7    Str: 19    XL:     10   Next: 10%
Magic:  10/10      EV:  7    Int:  9    God:    Okawaru [***...]
Gold:   374        SH: 11    Dex: 21    Spells: 9/9 levels left

rFire    . . .     SeeInvis .   k - +2 flail of the Rat {speed, Dex+2}
rCold    . . .     Gourm    .   c - +1 kite shield
rNeg     . . .     Faith    .   n - +0 chain mail
rPois    .         Spirit   .   (no helmet)
rElec    +         Reflect  .   h - +0 cloak
rCorr    .         Harm     .   t - +0 pair of gloves
MR       .....                  (no boots)
Stlth    ..........             (no amulet)
HPRegen  0.22/turn              m - +6 ring of dexterity
MPRegen  0.12/turn              (no ring)

@: lethally poisoned (-4 -> -37)
A: repulsion field 1, blurry vision 1, deformed body, frail 1, electricity
resistance, no potion heal 1
a: Heroism, Renounce Religion


You were on level 8 of the Dungeon.
You worshipped Okawaru.
Okawaru was most pleased with you.
You were hungry.

You visited 1 branch of the dungeon, and saw 8 of its levels.

You collected 432 gold pieces.
You spent 58 gold pieces at shops.

Inventory:

Hand Weapons
 k - the +2 flail of the Rat (weapon) {speed, Dex+2}
   (You found it on level 5 of the Dungeon)

   Attacks with this weapon are significantly faster.
   It affects your dexterity (+2).
Missiles
 d - 2 boomerangs (quivered)
Armour
 c - a +1 kite shield (worn)
 h - a +0 cloak (worn)
 j - a scarf of cloud immunity
 n - a +0 chain mail (worn)
 t - a +0 pair of gloves (worn)
Jewellery
 m - a +6 ring of dexterity (left hand)
 r - an uncursed amulet of guardian spirit {unknown}
Wands
 a - a wand of acid (8)
 g - a wand of flame (11)
Scrolls
 b - 6 scrolls of remove curse
 p - 2 scrolls of magic mapping
Potions
 e - a potion of flight {unknown}
 i - a potion of berserk rage {unknown}
 o - a potion of cancellation {unknown}
 q - a potion of ambrosia {unknown}
Comestibles
 f - 15 rations


   Skills:
 + Level 9.9 Fighting
 + Level 9.7 Maces & Flails
 - Level 3.0 Armour
 - Level 3.0 Shields


You had 9 spell levels left.
You didn't know any spells.
Your spell library was empty.

Dungeon Overview and Level Annotations

Branches:
Dungeon (8/15)             Temple (0/1) D:6
   Lair: D:8-11

Altars:
Dithmenos
Fedhas
Okawaru
Qazlal
The Shining One

Shops:
D:5 =

Annotations:
D:7 3 runed translucent doors, HungryMoth's ghost, novice TeCj; Ubertakter's ghost, novice MiHu; jejorda2's ghost, novice VSBe


Innate Abilities, Weirdness & Mutations

You are surrounded by a mild repulsion field. (EV +2)
Scrolls take you a little longer to read.
Armour fits poorly on your strangely shaped body.
You are frail. (-10% HP)
You are resistant to electric shocks. (rElec)
Potions are less effective at restoring your health.


Message History

Your system partially rejects the healing.
You feel much better.
You feel very sick. The killer bee stings you.
* * * LOW HITPOINT WARNING * * *
The killer bee stings you.
* * * LOW HITPOINT WARNING * * *
You block the killer bee's attack. The orc wizard casts a spell at you.
The magic dart hits you.
* * * LOW HITPOINT WARNING * * *
The killer bee stings you!
* * * LOW HITPOINT WARNING * * *
You are feeling hungry.
You closely miss the orc wizard.
* * * LOW HITPOINT WARNING * * *
You feel sick. The killer bee stings you.
* * * LOW HITPOINT WARNING * * *
You block the orc wizard's attack. The killer bee stings you.
You die... ### .... ..... #....o####### #.yyyaoyyy#

#.y#.####@# # #. ##o#
...##..######### ###
[...............####.##
#....##................#
...# #.########.####.###
#... #. #......... #.
######.### #. #>#


You could see a worker ant, 6 killer bees, an orc priest, an orc wizard and an
orc.

Vanquished Creatures
  Sigmund (D:3)
  A hungry ghost (D:8)
  Menkaure (D:4)
  2 orc warriors
  A sky beast (D:7)
  2 ice beasts (D:5)
  A necrophage (D:7)
  3 ogres
  3 centaurs
  3 bullfrogs
  3 scorpions
  2 killer bees (D:8)
  5 wights (D:5)
  A howler monkey (D:6)
  2 crimson imps
  A jelly (D:7)
  A quasit (D:7)
  2 orc priests
  3 centaur skeletons
  6 orc wizards
  Terence (D:1)
  2 iguanas
  4 worker ants
  A hound skeleton (D:6)
  10 adders
  5 shadow imps
  A white imp (D:6)
  2 oozes
  A worm (D:2)
  2 dart slugs
  5 leopard geckos
  13 orcs
  5 giant cockroaches
  5 goblins
  6 hobgoblins
  6 jackals
  10 kobolds
  3 quokkas
  A ball python (D:5)
  10 bats
  7 frilled lizards
  A leopard gecko zombie (D:5)
  A quokka skeleton (D:7)
  A quokka zombie (D:7)
  4 rats
  A plant (D:7)
152 creatures vanquished.

Vanquished Creatures (collateral kills)
  2 fungi (D:7)
2 creatures vanquished.

Vanquished Creatures (others)
  An orc wizard (D:3)
1 creature vanquished.

Grand Total: 155 creatures vanquished

Notes
Turn   | Place    | Note
-------+----------+-------------------------------------------
     0 | D:1      | Faca the Human Fighter began the quest for the Orb.
     0 | D:1      | Reached XP level 1. HP: 18/18 MP: 1/1
    66 | D:1      | Gained mutation: You are partially covered in iridescent
                  | scales. (AC +2) [potion of mutation]
    66 | D:1      | Gained mutation: You expend magic power (3 MP) to
                  | strengthen your wands. [potion of mutation]
    66 | D:1      | Gained mutation: Armour fits poorly on your strangely
                  | shaped body. [potion of mutation]
    66 | D:1      | Gained mutation: You are resistant to hostile enchantments.
                  | (MR+) [potion of mutation]
    69 | D:1      | Reached XP level 2. HP: 6/24 MP: 2/2
   965 | D:2      | Noticed Terence
   975 | D:1      | Killed Terence
   975 | D:1      | Reached XP level 3. HP: 19/30 MP: 3/3
  1116 | D:2      | Lost mutation: You expend magic power (3 MP) to strengthen
                  | your wands. [potion of mutation]
  1116 | D:2      | Lost mutation: You are partially covered in iridescent
                  | scales. (AC +2) [potion of mutation]
  1116 | D:2      | Lost mutation: You are resistant to hostile enchantments.
                  | (MR+) [potion of mutation]
  1116 | D:2      | Gained mutation: Potions are less effective at restoring
                  | your health. [potion of mutation]
  1116 | D:2      | Gained mutation: You are frail. (-10% HP) [potion of
                  | mutation]
  1116 | D:2      | Gained mutation: You are agile. (Dex +2) [potion of
                  | mutation]
  1246 | D:2      | Reached XP level 4. HP: 32/33 MP: 4/4
  1512 | D:2      | Reached XP level 5. HP: 31/38 MP: 5/5
  2352 | D:3      | Found an iron altar of Okawaru,
  2353 | D:3      | Noticed Sigmund
  2538 | D:3      | Killed Sigmund
  2538 | D:3      | Reached skill level 5 in Fighting
  2538 | D:3      | Reached XP level 6. HP: 22/45 MP: 6/6
  2703 | D:3      | Became a worshipper of Warmaster Okawaru
  2707 | D:3      | Reached skill level 5 in Maces & Flails
  2793 | D:3      | Reached XP level 7. HP: 25/50 MP: 7/7
  3827 | D:4      | Noticed Menkaure
  4482 | D:4      | Killed Menkaure
  5105 | D:5      | Entered Level 5 of the Dungeon
  5143 | D:5      | Found Sios's Jewellery Shoppe,
  5163 | D:5      | Reached * piety under Okawaru
  5163 | D:5      | Reached XP level 8. HP: 28/58 MP: 8/8
  5789 | D:5      | Got a scorched flail
  5790 | D:5      | Identified the +2 flail of the Rat {speed, Dex+2} (You
                  | found it on level 5 of the Dungeon)
  6242 | D:5      | Bought a cursed ring of teleportation for 58 gold pieces
  7071 | D:6      | Reached XP level 9. HP: 60/66 MP: 9/9
  7108 | D:6      | Reached ** piety under Okawaru
  7383 | D:6      | Found a staircase to the Ecumenical Temple,
  7433 | D:6      | Found a shadowy altar of Dithmenos,
  7849 | D:6      | Found a stormy altar of Qazlal,
  8376 | D:7      | Lost mutation: You are frail. (-10% HP) [potion of
                  | mutation]
  8376 | D:7      | Lost mutation: You are agile. (Dex +2) [potion of mutation]
  8376 | D:7      | Gained mutation: You are resistant to electric shocks.
                  | (rElec) [potion of mutation]
  8376 | D:7      | Gained mutation: You are frail. (-10% HP) [potion of
                  | mutation]
  8376 | D:7      | Gained mutation: Scrolls take you a little longer to read.
                  | [potion of mutation]
  8376 | D:7      | Gained mutation: You are surrounded by a mild repulsion
                  | field. (EV +2) [potion of mutation]
  8449 | D:7      | Found a runed translucent gate,
  8452 | D:7      | Found a runed translucent gate,
  8453 | D:7      | Found a runed translucent gate,
  8458 | D:7      | Noticed HungryMoth's ghost (novice TeCj)
  8458 | D:7      | Noticed Ubertakter's ghost (novice MiHu)
  8458 | D:7      | Noticed jejorda2's ghost (novice VSBe)
  8515 | D:7      | Found a blossoming altar of Fedhas,
  9148 | D:7      | Reached *** piety under Okawaru
  9172 | D:7      | Found a glowing golden altar of the Shining One,
  9604 | D:8      | Reached XP level 10. HP: 62/75 MP: 10/10
  9676 | D:8      | HP: 1/76 [killer bee (3)]
  9676 | D:8      | Slain by a killer bee

Levels and vault maps discovered:
D:1:      lemuel_arrival_river_ford, layout_basic, minmay_stone_trees_medium,
          minivault_5, hangedman_glass_teeth
D:2:      layout_basic, kennysheep_generic_room_15, uniq_terence
D:3:      layout_loops_ring, okawaru_trees_1, uniq_sigmund
D:4:      layout_layer_cave, uniq_menkaure
D:5:      layout_basic, first_ration, serial_shops, nicolae_shop_waterfront
D:6:      layout_rooms, kennysheep_little_box, minmay_temple_entry_arrows,
          basic_altar, minmay_fire_ice_demons
D:7:      layout_basic, fedhas_altar_3, marbit_many_paths,
          gammafunk_ghost_cemetery
D:8:      layout_loops_ring, lemuel_coloured_pillars_altar,
          nicolae_ru_great_annihilating_truth, david_nohive_1, uniq_erica

Skill      XL: |  1  2  3  4  5  6  7  8  9 |
---------------+----------------------------+-----
Maces & Flails | 3 4 5 6 7 9 |  9.7
Fighting       | 4 5 6 8 9 |  9.9
Armour         | |  3.0
Shields        | |  3.0

Action                   |  1- 3 |  4- 6 |  7- 9 | 10-12 || total
-------------------------+-------+-------+-------+-------++-------
Melee: Flail             |    65 |   138 |   366 |    34 ||   603
Evoke: Wand              |       |       |     7 |     1 ||     8
  Use: Potion            |     2 |     2 |     2 |     2 ||     8
       Scroll            |     2 |     4 |    10 |       ||    16
  Eat: Chunk             |     1 |     5 |    10 |       ||    16
       Ration            |       |       |     3 |     1 ||     4
Armor: Scale mail        |    33 |     9 |       |       ||    42
       Chain mail        |       |    57 |    93 |    12 ||   162
Dodge: Dodged            |    23 |    23 |    43 |    11 ||   100
Block: Kite shield       |    30 |    61 |   158 |    14 ||   263

Table legend:
 A = Non-vault XP
 B = Vault XP
 C = Vault XP percentage of total XP
 D = Non-vault monster count
 E = Vault monster count
 F = Vault count percentage of total count
                 A         B        C        D         E       F
            +---------+---------+-------+---------+---------+-------
      Total |    3697 |     618 |  14.3 |     144 |       8 |   5.3
            +---------+---------+-------+---------+---------+-------
        D:1 |      22 |      36 |  62.1 |      13 |       1 |   7.1
        D:2 |     196 |       2 |   1.0 |      30 |       1 |   3.2
        D:3 |     224 |     223 |  49.9 |      34 |       1 |   2.9
        D:4 |     107 |     172 |  61.6 |       6 |       1 |  14.3
        D:5 |     918 |       0 |   0.0 |      17 |       0 |   0.0
        D:6 |     651 |      58 |   8.2 |      16 |       2 |  11.1
        D:7 |    1214 |       0 |   0.0 |      24 |       0 |   0.0
        D:8 |     365 |     127 |  25.8 |       4 |       2 |  33.3
            +---------+---------+-------+---------+---------+-------
